 Dungeon Crawl Stone Soup version 0.21.0 (webtiles) character file.

37 Ghouzt the Skirmisher (level 3, -3/31 HPs)
             Began as a Draconian Berserker on Jan 7, 2018.
             Was a Believer of Trog.
             Slain by Natasha (4 damage)
             ... on level 2 of the Dungeon.
             The game lasted 00:02:36 (1047 turns).

Ghouzt the Skirmisher (Draconian Berserker)         Turns: 1047, Time: 00:02:38

Health: -3/31      AC:  5    Str: 20    XL:     3   Next: 21%
Magic:  3/3        EV: 13    Int:  7    God:    Trog [**....]
Gold:   27         SH:  0    Dex: 10    Spells: 2/2 levels left

rFire    . . .     SeeInvis .   a - +0 hand axe
rCold    . . .     Gourm    .   (no shield)
rNeg     . . .     Faith    .   (armour unavailable)
rPois    .         Spirit   .   (helmet restricted)
rElec    .         Reflect  .   (no cloak)
rCorr    .         Harm     .   (no gloves)
MR       .....                  (no boots)
Stlth    ..........             (no amulet)
HPRegen  0.10/turn              k - ring of loudness (curse)
MPRegen  0.08/turn              (no ring)

@: no status effects
A: unfitting armour, cold-blooded, AC +5
a: Berserk, Trog's Hand, Burn Spellbooks, Renounce Religion


You were on level 2 of the Dungeon.
You worshipped Trog.
Trog was pleased with you.
You were not hungry.

You visited 1 branch of the dungeon, and saw 2 of its levels.

You collected 27 gold pieces.

Inventory:

Hand Weapons
 a - a +0 hand axe (weapon)
Armour
 d - a cursed +0 chain mail
Jewellery
 k - a cursed ring of loudness (left hand)
Scrolls
 g - a scroll of blinking {unknown}
 i - a scroll of remove curse {unknown}
Potions
 c - 2 potions of curing {unknown}
 e - a potion of magic {unknown}
 f - 2 potions of degeneration {unknown}
 h - a potion of brilliance {unknown}
Comestibles
 b - 3 rations
 j - 5 chunks of flesh


   Skills:
 + Level 3.5 Fighting
 + Level 3.5 Axes
 + Level 3.3 Dodging
 + Level 0.3 Stealth


You had 2 spell levels left.
You didn't know any spells.

Dungeon Overview and Level Annotations

Branches:
Dungeon (2/15)

Altars:

Annotations:
D:2 Natasha, Terence


Innate Abilities, Weirdness & Mutations

Your plain brown scales are hard. (AC +5)
You cannot fit into any form of body armour.
You are cold-blooded and may be slowed by cold attacks.


Message History

Terence moves out of view.
Natasha, Servant of Life and Death comes into view.
Terence zaps a wand.
The puff of flame hits you!
It is a wand of flame (21).
Terence zaps a wand.
The puff of flame misses you.
Terence zaps a wand.
The puff of flame hits you!
You start resting.
Terence drinks a potion.
Terence seems to grow stronger.
Terence zaps a wand.
The puff of flame hits you!
Natasha hisses angrily.
Terence zaps a wand.
The puff of flame hits you!
* * * LOW HITPOINT WARNING * * *
Natasha closely misses you.
You barely miss Natasha. Natasha casts a spell at you. The magic dart hits you!
* * * LOW HITPOINT WARNING * * *
Natasha wildly gestures.
Natasha shimmers violently.
Natasha claws you.
You die...

#.#######.#.###.#.########
.....@....................
.....####.#.###.#...######
... #.#.# #.#......# .
#.#.# #.#......## #@#.#
#.#.......##
#.#...............
...####.#####.#######.##
...'..h@# ..#.# #.#
...###### #.#.# #.#
#.#[#.# #.# #####.#.#.####
#.# .............####.#
#####.#.#.......#.#
#.#.#####.#.#.# # #.#
###...#.# #.# #.......#


You could see Terence and Natasha.

Vanquished Creatures
  2 oozes
  A leopard gecko (D:1)
  A giant cockroach (D:1)
  5 goblins (D:1)
  4 jackals (D:2)
  2 kobolds (D:1)
  A quokka (D:2)
  A ball python (D:1)
  3 bats (D:1)
  A frilled lizard (D:1)
  6 rats
27 creatures vanquished.

Notes
Turn   | Place    | Note
-------+----------+-------------------------------------------
     0 | D:1      | Ghouzt the Draconian Berserker began the quest for the Orb.
     0 | D:1      | Reached XP level 1. HP: 19/19 MP: 1/1
   255 | D:1      | Reached XP level 2. HP: 21/26 MP: 2/2
   870 | D:2      | Reached ** piety under Trog
   872 | D:2      | Reached XP level 3. HP: 29/31 MP: 3/3
  1031 | D:2      | Noticed Terence
  1033 | D:2      | Noticed Natasha
  1047 | D:2      | HP: 1/31 [Natasha/magic dart (4)]
  1047 | D:2      | Slain by Natasha

Skill      XL: |  1  2 |
---------------+-------+-----
Dodging        | 3 |  3.3
Fighting       | |  3.5
Axes           | |  3.5
Stealth        | |  0.3

Action                   || total
-------------------------++-------
Melee: Hand axe          ||    61
       Tailslap          ||     6
Armor: Skin              ||    19
Dodge: Dodged            ||    70
